 Dungeon Crawl Stone Soup version 0.23-a0-136-g722f094 (webtiles) character file.

20 Hasart the Magician (level 2, -1/19 HPs)
             Began as a Demonspawn Wizard on Aug 28, 2018.
             Slain by an adder (4 damage)
             ... on level 1 of the Dungeon.
             The game lasted 00:02:44 (930 turns).

Hasart the Magician (Demonspawn Wizard)              Turns: 930, Time: 00:02:45

Health: -1/19      AC:  2    Str:  7    XL:     2   Next: 58%
Magic:  1/6        EV: 12    Int: 19    God:
Gold:   37         SH:  0    Dex: 11    Spells: 5/8 levels left

rFire    . . .     SeeInvis .   f - -1 dagger (curse)
rCold    . . .     Gourm    .   (no shield)
rNeg     . . .     Faith    .   a - +0 robe
rPois    .         Spirit   .   b - +0 hat
rElec    .         Reflect  .   (no cloak)
rCorr    .         Harm     .   (no gloves)
MR       .....                  (no boots)
Stlth    ++........             (no amulet)
HPRegen  0.06/turn              (no ring)
MPRegen  0.10/turn              (no ring)

@: lethally poisoned (-1 -> -16)
A: horns 1
a: no special abilities


You were on level 1 of the Dungeon.
You were not hungry.

You visited 1 branch of the dungeon, and saw 2 of its levels.

You collected 37 gold pieces.

Inventory:

Hand Weapons
 c - a +1 short sword
 f - a cursed -1 dagger (weapon)
Missiles
 h - 8 curare-tipped needles
 j - 11 poisoned needles
Armour
 a - a +0 robe (worn)
 b - a +0 hat (worn)
 g - a +0 cloak
Jewellery
 k - a cursed -2 ring of protection {unknown}
Scrolls
 e - a scroll of identify {unknown}
 i - a scroll of fog {unknown}
Comestibles
 d - 2 rations


   Skills:
 + Level 2.0 Dodging
 + Level 1.8 Stealth
 + Level 3.6 Spellcasting
 + Level 1.1 Conjurations
 + Level 1.0 Summonings
   Level 0.8 Translocations


You had 5 spell levels left.
You knew the following spells:

 Your Spells              Type           Power        Failure   Level  Hunger
a - Magic Dart            Conj           #...         9%          1    None
b - Call Imp              Summ           #.......     14%         2    ##.....

Your spell library contained the following spells:

 Spells                   Type           Power        Failure   Level  Hunger
 Blink                    Tloc           N/A          16%         2    ##.....
 Slow                     Hex            #.......     22%         2    ##.....
 Conjure Flame            Conj/Fire      #.......     34%         3    ###....
 Mephitic Cloud           Conj/Pois/Air  #.......     36%         3    ###....


Dungeon Overview and Level Annotations

Branches:
Dungeon (2/15)

Altars:


Innate Abilities, Weirdness & Mutations

You have a pair of small horns on your head.


Message History

You are lethally poisoned!
The adder poisons you! The adder barely misses you.
You barely miss the adder.
The adder is moderately wounded.
You feel sick. The adder bites you.
* * * LOW HITPOINT WARNING * * *
You are more poisoned.
The adder poisons you!
Your crimson imp blinks!
You hit the adder.
The adder is heavily wounded.
* * * LOW HITPOINT WARNING * * *
You feel sick. The adder barely misses you.
You hit the adder but do no damage.
The adder is heavily wounded.
* * * LOW HITPOINT WARNING * * *
You feel sick.
Your crimson imp disappears in a puff of smoke!
The adder closely misses you. The adder bites you.
You die...

#............#............
#.........##.#......#.#..#
#.........##.#...........#
#.........##.##.....##....
######.#####...........#..
#.# #..#........... #.#
##.##.##.....#..
#.####...#.#..##....#
#####.#.@........#...>#.#
#.......S#......##..#.#..
#####.................##.
##....#...####......#.
###..ยง..#...# #........
######).....######
#..(..... #..........5##
#...>...# #............#
#......## #....#.......#
#........


You could see an adder and a friendly crimson imp.

Vanquished Creatures
  2 dart slugs (D:1)
  2 goblins (D:1)
  7 kobolds
  3 bats
  A frilled lizard (D:2)
  A rat (D:2)
16 creatures vanquished.

Notes
Turn   | Place    | Note
-------+----------+-------------------------------------------
     0 | D:1      | Hasart the Demonspawn Wizard began the quest for the Orb.
     0 | D:1      | Reached XP level 1. HP: 13/13 MP: 4/4
   207 | D:1      | Gained mutation: You have a pair of small horns on your
                  | head. [demonic ancestry]
   207 | D:1      | Reached XP level 2. HP: 7/19 MP: 0/6
   449 | D:1      | Learned a level 2 spell: Call Imp
   930 | D:1      | Slain by an adder

Vault maps used:
D:1:      dpeg_arrival_short_road
D:2:      bh_chokoban, nicolae_tso_carved_into_rock, uniq_crazy_yiuf_cottage

Skill      XL: |  1  2 |
---------------+-------+-----
Dodging        | 2 |  2.0
Stealth        | |  1.8
Spellcasting   | |  3.6
Conjurations   | |  1.1
Summonings     | |  1.0
Translocations | |  0.8

Action                   || total
-------------------------++-------
Melee: Short sword       ||    10
       Unarmed           ||     1
       Dagger            ||    12
       Headbutt          ||     4
 Cast: Magic Dart        ||    30
       Call Imp          ||     3
  Use: Scroll            ||     3
Armor: Robe              ||     2
Dodge: Dodged            ||    26

Table legend:
 A = Non-vault XP
 B = Vault XP
 C = Vault XP percentage of total XP
 D = Non-vault monster count
 E = Vault monster count
 F = Vault count percentage of total count
                 A         B        C        D         E       F
            +---------+---------+-------+---------+---------+-------
      Total |      29 |       0 |   0.0 |      16 |       0 |   0.0
            +---------+---------+-------+---------+---------+-------
        D:1 |      23 |       0 |   0.0 |      12 |       0 |   0.0
        D:2 |       6 |       0 |   0.0 |       4 |       0 |   0.0
            +---------+---------+-------+---------+---------+-------
